 Dungeon Crawl Stone Soup version 0.21.1-1-g345015f (webtiles) character file.

59 kae the Insei (level 3, -9/26 HPs)
             Began as a Demonspawn Transmuter on June 12, 2018.
             Was an Initiate of Makhleb.
             Mangled by a gnoll
             ... wielding a +0 flail
              (14 damage)
             ... on level 3 of the Dungeon.
             The game lasted 00:01:18 (1611 turns).

kae the Insei (Demonspawn Transmuter)               Turns: 1611, Time: 00:01:19

Health: -9/26      AC:  2    Str: 10    XL:     3   Next: 78%
Magic:  2/6        EV: 12    Int: 14    God:    Makhleb [......]
Gold:   39         SH:  0    Dex: 14    Spells: 3/6 levels left

rFire    . . .     SeeInvis .     - Unarmed
rCold    . . .     Gourm    .   (no shield)
rNeg     . . .     Faith    .   b - +0 robe
rPois    .         Spirit   .   (helmet restricted)
rElec    .         Reflect  .   (no cloak)
rCorr    .         Harm     .   (no gloves)
MR       .....                  (no boots)
Stlth    +.........             (no amulet)
HPRegen  0.08/turn              (no ring)
MPRegen  0.10/turn              (no ring)

@: no status effects
A: antennae 1
a: Renounce Religion


You were on level 3 of the Dungeon.
You worshipped Makhleb.
Makhleb was noncommittal.
You were not hungry.

You visited 1 branch of the dungeon, and saw 3 of its levels.

You collected 39 gold pieces.

Inventory:

Missiles
 a - 7 arrows
Armour
 b - a +0 robe (worn)
Jewellery
 h - an uncursed amulet of harm {unknown}
Scrolls
 e - a scroll of identify {unknown}
 f - a scroll of immolation {unknown}
Books
 c - a book of Changes

   Spells                             Type                      Level
   a - Beastly Appendage              Transmutation                1
   b - Sticks to Snakes               Transmutation                2
   c - Spider Form                    Transmutation/Poison         3
   d - Ice Form                       Ice/Transmutation            4
   e - Blade Hands                    Transmutation                5
Comestibles
 d - a ration
 i - 5 chunks of flesh


   Skills:
 + Level 1.5 Fighting
 + Level 2.2 Dodging
 * Level 3.2 Unarmed Combat
 + Level 2.4 Spellcasting
 + Level 2.2 Transmutations
 + Level 0.6 Invocations


You had 3 spell levels left.
You knew the following spells:

 Your Spells              Type           Power        Failure   Level  Hunger
a - Beastly Appendage     Tmut           #.....       10%         1    #......
b - Sticks to Snakes      Tmut           #.......     14%         2    ###....


Dungeon Overview and Level Annotations

Branches:
Dungeon (3/15)

Altars:
Cheibriados
Makhleb
Nemelex Xobeh
Uskayaw
Vehumet
The Shining One


Innate Abilities, Weirdness & Mutations

You have a pair of small antennae on your head.


Message History

Found a scroll labeled NEUXIUG PUUTHRA.
Unknown command.
Your transformation is almost over.
Your talons disappear.
There is a stone staircase leading down here.
The gnoll hits you from afar with a halberd!
The gnoll hits you with a flail.
You climb downwards.
There is a stone staircase leading up here.
Unknown command.
Casting: Beastly Appendage
Confirm with . or Enter, or press ? or * to list all spells.
You create a snake!
You now have 8 arrows.
The gnoll hits you with a flail!
* * * LOW HITPOINT WARNING * * *
Your adder bites the gnoll but does no damage.
Casting: Sticks to Snakes
Confirm with . or Enter, or press ? or * to list all spells.
You create a snake!
You now have 7 arrows.
The gnoll hits you with a flail!
Ouch! That really hurt!
You die...

###
########....#
#...S@.......
.....Sg.#......
#######.# .....
#.. .... ..#
### ### .


You could see a gnoll and 2 friendly adders.

Vanquished Creatures
  2 adders (D:2)
  A worm (D:2)
  3 dart slugs (D:1)
  A leopard gecko (D:1)
  A bat (D:1)
  6 giant cockroaches
  A goblin (D:1)
  3 hobgoblins
  4 jackals (D:1)
  2 kobolds (D:1)
  A frilled lizard (D:1)
  8 rats
33 creatures vanquished.

Notes
Turn   | Place    | Note
-------+----------+-------------------------------------------
     0 | D:1      | kae the Demonspawn Transmuter began the quest for the Orb.
     0 | D:1      | Reached XP level 1. HP: 15/15 MP: 3/3
   108 | D:1      | Lost mutation: You have a pair of horns on your head. [demonic ancestry]
   108 | D:1      | Lost mutation: You have a pair of small horns on your head. [demonic ancestry]
   108 | D:1      | Gained mutation: You have a pair of small antennae on your head. [demonic ancestry]
   108 | D:1      | Reached XP level 2. HP: 11/21 MP: 3/5
   306 | D:1      | Learned a level 2 spell: Sticks to Snakes
   375 | D:1      | Reached skill level 3 in Unarmed Combat
   769 | D:1      | Reached XP level 3. HP: 26/26 MP: 4/6
  1350 | D:2      | Found a burning altar of Makhleb.
  1350 | D:2      | Found a sparkling altar of Nemelex Xobeh.
  1350 | D:2      | Found a glowing golden altar of the Shining One.
  1358 | D:2      | Became a worshipper of Makhleb the Destroyer
  1364 | D:2      | Found a hide-covered altar of Uskayaw.
  1364 | D:2      | Found a snail-covered altar of Cheibriados.
  1366 | D:2      | Found a radiant altar of Vehumet.
  1611 | D:3      | Mangled by a gnoll

Skill      XL: |  1  2 |
---------------+-------+-----
Dodging        | 2 |  2.2
Unarmed Combat | 3 |  3.2
Transmutations | 2 |  2.2
Fighting       | |  1.5
Spellcasting   | |  2.4
Invocations    | |  0.6

Action                   || total
-------------------------++-------
Melee: Unarmed           ||    98
       Punch             ||     3
       Kick              ||     4
 Cast: Beastly Appendage ||    10
       Sticks to Snakes  ||     5
  Use: Scroll            ||     3
       Potion            ||     2
 Stab: Sleeping          ||     3
  Eat: Chunk             ||     3
Armor: Robe              ||    17
Dodge: Dodged            ||    64
